 Dungeon Crawl Stone Soup version 0.14.2 (webtiles) character file.

8 Amnesiac the Charlatan (level 1, 0/9 HPs)
             Began as a Spriggan Artificer on Feb 4, 2018.
             Hit by a tomahawk thrown by a goblin (1 damage)
             ... on Level 1 of the Dungeon.
             The game lasted 00:01:07 (337 turns).

Amnesiac the Charlatan (Spriggan Artificer)          Turns: 337, Time: 00:01:07

HP   0/9         AC  2     Str  7      XL: 1   Next: 91%
MP   2/2         EV 19     Int 13      God:
Gold 1           SH  0     Dex 16      Spells:  0 memorised,  0 levels left

rFire  . . .     SeeInvis +     i - +4,+0 dagger
rCold  . . .     Clarity  .     e - +0 robe
rNeg   . . .     Conserve .     (shield restricted)
rPois  .         rCorr    .     (helmet restricted)
rElec  .         rRot     .     (no cloak)
SustAb . .       Spirit   .     (gloves unavailable)
rMut   .         Warding  .     (boots unavailable)
Saprov . . .     Stasis   .     (no amulet)
MR     .....                    (no ring)
                                (no ring)

@: very quick, not resistant to hostile enchantments, fairly stealthy
A: unfitting armour, see invisible, herbivore 3, speed 3, slow metabolism 2
a: no special abilities


You were on level 1 of the Dungeon.
You were not hungry.

You visited 1 branch of the dungeon, and saw 1 of its levels.

You collected 1 gold pieces.

Inventory:

Hand weapons
 a - a +0,+0 short sword
 i - a +4,+0 dagger (weapon)
Missiles
 h - 5 curare-tipped needles
Armour
 e - a +0 robe (worn)
Magical devices
 b - a wand of flame (14)
 c - a wand of enslavement (15)
 d - a wand of random effects (15)
Scrolls
 g - a scroll of enchant armour {!r, unknown}
Potions
 f - a potion of porridge {!q}
 j - a potion of beneficial mutation {!q, unknown}


   Skills:
 - Level 0.7 Fighting
 - Level 1.1 Short Blades
 + Level 4.0 Dodging
 - Level 1.5 Stealth
 - Level 4.0 Evocations


You couldn't memorise any spells.
You didn't know any spells.

Dungeon Overview and Level Annotations

Branches:
Dungeon (1/15)

Altars:


Innate Abilities, Weirdness & Mutations

You are tiny and cannot use many weapons and most armour.
You have supernaturally acute eyesight.
You are a herbivore.
You cover ground extremely quickly.
You need consume almost no food.


Message History

You barely miss the giant cockroach.
The giant cockroach bites you but does no damage.
You barely miss the giant cockroach. The giant cockroach misses you.
You barely miss the giant cockroach. The giant cockroach bites you.
The giant cockroach completely misses you.
You hit the giant cockroach.
The giant cockroach is moderately wounded.
The giant cockroach closely misses you.
You hit the giant cockroach but do no damage.
The giant cockroach is moderately wounded.
The giant cockroach closely misses you.
You hit the giant cockroach but do no damage.
The giant cockroach is moderately wounded.
The giant cockroach bites you but does no damage.
You hit the giant cockroach but do no damage.
The giant cockroach is moderately wounded.
The giant cockroach closely misses you.
You hit the giant cockroach but do no damage.
The giant cockroach is moderately wounded.
The giant cockroach closely misses you.
You hit the giant cockroach.
You kill the giant cockroach!
No target in view!
Found an escape hatch in the floor.
Found 5 sling bullets.
j - a fizzy red potion {!q} A goblin comes into view.
It is wielding a dagger.
A goblin is nearby!
A goblin is nearby!
Found a scroll labeled SHIDEL LABAEN.
You closely miss the goblin. The goblin barely misses you.
You hit the goblin.
The goblin is severely wounded.
The goblin misses you.
You hit the goblin.
You kill the goblin!
Your Dodging skill increases to level 4!
No target in view!
No target in view!
Things that are here:
a dagger; a goblin corpse A kobold comes into view.
A kobold is nearby!
A goblin comes into view.
Found 15 stones.
Found a stone staircase leading down.
You see here a scroll labeled SHIDEL LABAEN {!r}.
A kobold comes into view. It is wielding a short sword.
Found a stone staircase leading down.
Found 8 gold pieces.
The kobold shouts!
The goblin shouts!
The kobold shouts!
The kobold closely misses you.
You barely miss the kobold. The kobold closely misses you.
You hit the goblin but do no damage.
The goblin throws a tomahawk.
The tomahawk misses you. The goblin closely misses you.
The kobold closely misses you.
You hit the goblin.
The goblin is almost dead.
The goblin hits you. The kobold hits you.
* * * LOW HITPOINT WARNING * * *
The kobold hits you with a short sword.
* * * LOW HITPOINT WARNING * * *
Unknown command.
The goblin throws a tomahawk.
The tomahawk hits you!
You die...

#....# ..# #....# ..#
.# #....# .g# .# #....#
..##.## #....# #.....#
#..(.# #..$..# ######
#...>.#
#################.g...#
......)......?..@.K..(#
#################(K...#
#....># #.....# #.....#
#.....# #######


You could see 2 goblins and 2 kobolds.

Vanquished Creatures
  A goblin (D:1)
  2 hobgoblins (D:1)
  2 bats (D:1)
  A giant cockroach (D:1)
  A kobold (D:1)
7 creatures vanquished.

Notes
Turn   | Place    | Note
--------------------------------------------------------------
     0 | D:1      | Amnesiac, the Spriggan Artificer, began the quest for the Orb.
     0 | D:1      | Reached XP level 1. HP: 9/9 MP: 2/2
   337 | D:1      | Hit by a tomahawk thrown by a goblin

Action                   || total
-------------------------++-------
Melee: Short sword       ||    22
       Dagger            ||    15
Evoke: Wand              ||     1
